 Dungeon Crawl Stone Soup version 0.29-a0-872-g797fff5ad1 (webtiles) character file.

Game seed: 489457334191186032

331 BlueGoblin the Shooter (level 6, -2/44 (47) HPs)
             Began as a Barachi Hunter on July 19, 2022.
             Killed from afar by an orc wizard (11 damage)
             ... with a puff of flame
             ... on level 4 of the Dungeon.
             The game lasted 00:06:21 (3085 turns).

BlueGoblin the Shooter (Barachi Hunter)             Turns: 3085, Time: 00:06:22

HP:   -2/44 (47)    AC:  3    Str: 24    XL:     6   Next: 52%
MP:   6/6           EV: 12    Int: 10    God:
Gold: 154           SH:  0    Dex: 17    Spells: 5/5 levels left

rFire   . . .      SeeInvis .   a - +0 shortbow
rCold   . . .      Faith    .   (shield currently unavailable)
rNeg    . . .      Spirit   .   c - +0 leather armour
rPois   .          Reflect  .   (no helmet)
rElec   .          Harm     .   (no cloak)
rCorr   .          Rampage  .   (no gloves)
Will    .....                   (no boots)
Stlth   ++........              (no amulet)
HPRegen 0.14/turn               d - +6 ring of strength
MPRegen 0.10/turn               n - +6 ring of strength

@: unable to hop, drained, slow
A: amphibious, slowness 1, strong legs 1, +LOS
a: Hop


You were on level 4 of the Dungeon.
You visited 1 branch of the dungeon, and saw 4 of its levels.

You collected 154 gold pieces.

Inventory:

Hand Weapons
 a - a +0 shortbow (weapon)
Armour
 c - a +0 leather armour (worn)
 i - a +0 chain mail
Jewellery
 d - a +6 ring of strength (left hand)
 n - a +6 ring of strength (right hand)
Wands
 q - a wand of flame (15)
Scrolls
 b - a scroll of immolation
 h - a scroll of identify
 l - a scroll of fear {unknown}
Potions
 e - a potion of might {unknown}
 g - 2 potions of magic
 m - a potion of mutation {unknown}
 r - a potion of flight {unknown}


   Skills:
 + Level 3.4 Fighting
 + Level 7.0 Ranged Weapons
 + Level 1.6 Armour
 + Level 2.4 Dodging
 - Level 0.8 Stealth


You had 5 spell levels left.
You didn't know any spells.
Your spell library contained the following spells:

 Spells                   Type           Power      Damage    Failure   Level
 Necrotise                Necr           0%         1d4       41%         1
 Shock                    Conj/Air       0%         1d3       41%         1
 Swiftness                Air            0%         N/A       78%         3
 Vampiric Draining        Necr           0%         2d6       78%         3
 Airstrike                Air            0%         0-1+      99%         4
 Agony                    Necr           0%         N/A       100%        5
 Fireball                 Conj/Fire      0%         3d3       100%        5
 Iskenderun's Battlesphe  Conj           0%         2d6       100%        5
 Conjure Ball Lightning   Conj/Air       0%         3x3d6     100%        6
 Orb of Destruction       Conj           0%         9d5       100%        7


Dungeon Overview and Level Annotations

Branches:
Dungeon (4/15)
 Temple: D:4-7

Altars:
Elyvilon

Shops:
D:1 (

Annotations:
D:4 Edmund


Innate Abilities, Weirdness & Mutations

You are amphibious.
You cover ground slowly.
You can hop short distances.
You have an extended range of vision and can be seen from far away.


Message History

Okay, then.
Non-targeted confused fire: a) +0 shortbow
Press: ? - help, Q - select action, (/) - cycle Dir - look around, f - activate You shoot an arrow.
Okay, then.
Non-targeted confused fire: a) +0 shortbow
Press: ? - help, Q - select action, (/) - cycle Dir - look around, f - activate You shoot an arrow.
Something hits you.
* * * LOW HITPOINT WARNING * * *
You feel drained.
Non-targeted confused fire: a) +0 shortbow
Press: ? - help, Q - select action, (/) - cycle Dir - look around, f - activate You shoot an arrow.
Something hits you.
* * * LOW HITPOINT WARNING * * *
You feel drained.
Non-targeted confused fire: a) +0 shortbow
Press: ? - help, Q - select action, (/) - cycle Dir - look around, f - activate You shoot an arrow.
The arrow misses the gnoll.
The arrow hits the gnoll.
The gnoll is lightly wounded.
You hear some strange, mumbled words.
Something tries to affect you, but you resist.
Unknown command.
Non-targeted confused fire: a) +0 shortbow
Press: ? - help, Q - select action, (/) - cycle Dir - look around, f - activate You shoot an arrow.
You feel less confused. Something hits you.
* * * LOW HITPOINT WARNING * * *
You feel drained.
* * * LOW HITPOINT WARNING * * *
Fire: a) +0 shortbow
Press: ? - help, Q - select action, (/) - cycle Shift-Dir - straight line, f/p - gnoll
Aim: a gnoll, wielding a +0 spear (lightly wounded, 68% to hit)
You shoot an arrow.
You hear some strange, mumbled words.
A puff of flame appears from out of thin air!
The puff of flame hits you!
You die...

*,*,* *,,,,,,,,,* #†#.## *,*,*
*,,,,,,,,,** #.#...
*,*,******,,,,,,,,###.####
****** *,*,,,,,,,*******,#...#
,,,,,***,*******,***
*,#.###### ,,,,,<**,* *,,,*
*,#.#..... *****,**,* ***,#
*,#.#.####
***##..#.#########.#####.#.#.#
,,,.gg)...).ggg{@.......>#.#.#
,,,.##.#)#######.#.#######.#.#
***,**,,,* #.#,#######.#.####
*,***,,* #$#,#.......#.#...
*,***,,*** #.#,#.#######.#@##
*,*,,,,,,* #.#,#.........#.#
*,*,**,*,* #.#,#..########.#
*,*,,,,*,* #.#,#..# #.#
*,****,,,* #.#,#..#******#.#


You could see 3 gnolls.

Vanquished Creatures
  A scorpion (D:4)
  An orc priest (D:4)
  A hound (D:4)
  Natasha (thrice) (D:3)
  An orc wizard (D:4)
  5 adders
  A river rat (D:3)
  An ufetubus (D:4)
  4 dart slugs
  An orc (D:4)
  6 ball pythons
  4 bats
  5 endoplasms
  2 giant cockroaches (D:3)
  4 goblins
  7 hobgoblins
  3 quokkas
  6 frilled lizards
  6 kobolds
  5 rats
67 creatures vanquished.

Notes
Turn   | Place    | Note
-------+----------+-------------------------------------------
     0 | D:1      | BlueGoblin the Barachi Hunter began the quest for the Orb.
     0 | D:1      | Reached XP level 1. HP: 17/17 MP: 1/1
   205 | D:1      | Reached XP level 2. HP: 23/23 MP: 2/2
   209 | D:1      | Found Elonuts's Antique Weapon Boutique.
   664 | D:1      | Found a faded altar of an unknown god.
   950 | D:2      | Reached XP level 3. HP: 28/28 MP: 3/3
  1198 | D:2      | Reached skill level 5 in Ranged Weapons
  1256 | D:2      | Found a white marble altar of Elyvilon.
  1435 | D:3      | Reached XP level 4. HP: 34/34 MP: 4/4
  1513 | D:3      | Noticed Natasha
  1527 | D:3      | Killed Natasha
  1724 | D:3      | Noticed Natasha
  1739 | D:3      | Killed Natasha
  1740 | D:3      | Reached skill level 1 in Armour
  1740 | D:3      | Reached XP level 5. HP: 23/41 MP: 5/5
  2065 | D:3      | Noticed Natasha
  2071 | D:3      | Killed Natasha
  2072 | D:3      | Reached skill level 6 in Ranged Weapons
  2689 | D:4      | Reached XP level 6. HP: 15/47 MP: 6/6
  3026 | D:4      | Noticed Edmund
  3078 | D:4      | Reached skill level 7 in Ranged Weapons
  3085 | D:4      | Killed from afar by an orc wizard

Illustrated notes

Levels and vault maps discovered:
D:1:      dpeg_arrival_erosion, layout_loops_cross, serial_shops, shop_statue,
          hellmonk_ecumenical_altar_inner_sanctum, solitary_fountain,
          chequers_serial_rivers_micro_b, nicolae_concentric_dashed_squares_wild
D:2:      layout_loops_ring, basic_altar
D:3:      layout_loops_ring, gup_sewer_entry_spiral, uniq_natasha
D:4:      layout_basic, uniq_edmund

Skill      XL: |  1  2  3  4  5  6 |
---------------+-------------------+-----
Ranged Weapons | 5 6 7 |  7.0
Fighting       | 3 |  3.4
Armour         | 1 |  1.6
Dodging        | |  2.4
Stealth        | |  0.8

Action                   |  1- 3 |  4- 6 || total
-------------------------+-------+-------++-------
Melee: Unarmed           |       |    11 ||    11
 Fire: Shortbow          |    74 |   126 ||   200
 Abil: Hop               |     1 |     3 ||     4
  Use: Scroll            |       |     6 ||     6
Armor: Leather armour    |     2 |     2 ||     4
       Skin              |       |     5 ||     5
Dodge: Dodged            |    13 |    33 ||    46

Table legend: (Time is in decaauts)
 A = Elapsed time spent in this place.
 B = Non-inter-level travel time spent in this place.
 C = Inter-level travel time spent in this place.
 D = Time resting spent in this place.
 E = Time spent auto-exploring this place.
 F = Levels seen in this place.
 G = Mean time per level.
                   A        B        C        D        E       F      G
               +--------+--------+--------+--------+--------+-----+--------+
         Total |   3500 |   3356 |    144 |    488 |   2406 |   4 |  875.0 |
       Dungeon |   3500 |   3356 |    144 |    488 |   2406 |   4 |  875.0 |
               +--------+--------+--------+--------+--------+-----+--------+

Top non-repeatable levels by time:
     D:3: 1269 daAuts
     D:1: 970 daAuts
     D:2: 714 daAuts
     D:4: 545 daAuts
